Stars vs Capitals

Created - March 5, 2024 at 11:45

Goals
1 2 3 T
Stars 2 2 1 5
Capitals 1 0 1 2
Shots
1 2 3 T
Stars 15 12 14 41
Capitals 11 4 5 20

GoalsPenalties
1st period
1. Stars , Viktor Arvidsson 7 (Vincent Trocheck 23) at 0:34
2. Capitals , Alex Nylander 3 (Ben Hutton 17, David Kampf 10) at 0:41
3. Stars , Nic Dowd 5 (Evan Bouchard 31, Timo Meier 33) at 11:04
Evan Bouchard (DAL) for Diving (Minor) at 13:14
2nd period
4. Stars , Dylan Larkin 23 (Sean Durzi 24, Nazem Kadri 28) at 3:41
5. Stars , Timo Meier 30 (Marcus Pettersson 10, Jonas Brodin 27) at 13:08 (PP)
Kaapo Kakko (WSH) for Hooking (Minor) at 11:58
Cody Ceci (WSH) for Cross-checking (Minor) at 19:11
3rd period
6. Capitals , Noah Dobson 8 (Pavel Zacha 22, Cody Ceci 20) at 9:50 (PP)
7. Stars , Vincent Trocheck 11 (Viktor Arvidsson 14, Corey Schueneman 1) at 14:56
Cody Ceci (WSH) for Tripping (Minor) at 3:15
Vincent Trocheck (DAL) for Tripping (Minor) at 5:43
Jonas Brodin (DAL) for Tripping (Minor) at 8:31
Michael Rasmussen (WSH) for Delaying the game (Minor) at 12:35
Goalie Stats
Connor Hellebuyck (DAL), 18 saves from 20 shots - (0.900), W, 23-25-4, 60:00 minutes
Joonas Korpisalo (WSH), 36 saves from 41 shots - (0.878), L, 13-13-1, 60:00 minutes
3 StarsOfficial
1 - Timo Meier (DAL)
2 - Viktor Arvidsson (DAL)
3 - Vincent Trocheck (DAL)
Referees : Dan Kelly and Andrew Howard
Linesman : Steve Miller and Brendan Lewis
Game Note
Elias Lindholm is injured at 7:32 of 2nd period (Right Knee)
Finance
Level 1 -- Attendance: 2524 (38.83%) -- Ticket Income $631,000
Level 2 -- Attendance: 1785 (35.70%) -- Ticket Income $357,000
Level 3 -- Attendance: 1109 (31.69%) -- Ticket Income $194,075
Level 4 -- Attendance: 651 (25.98%) -- Ticket Income $97,650
Luxury Box -- Attendance: 497 (49.70%) -- Ticket Income $198,800
Game was played at the Verizon Center.
Total Attendance: 6566 (35.48%)
Total Ticket Income: $1,478,525
Other Income: $369,631
Total Income: $1,848,156



Team Name Goals Shots Shots Attemp Shots Blocked PIM HIT PP PK FO%
Stars 5418196201 / 4 (25%)148%
Capitals 22043138201 / 3 (33%)152%

Stars
Player Name POS G A P +/- PIM HIT SHT SB MP PP MP PP SHT PK MP PK SHT FO% FOT
Anton LundellC000100016:410:2703:18030% 10
Carter VerhaegheC0000001011:483:0400:46060% 10
Corey SchuenemanD0110011014:490:2711:5300% 0
Daniil MiromanovD0000030012:290:0000:0000% 0
Dylan LarkinC1011015121:044:0310:000100% 1
Elias LindholmC0001010010:070:0001:13036% 14
Evan BouchardD0112201025:444:1111:4700% 0
Jesper BrattLW000-1002021:083:3601:0400% 2
Jonas BrodinD0112212324:192:2922:0400% 0
Marcus PetterssonD0111000120:142:2902:2500% 0
Nazem KadriC0111026021:044:0320:00056% 9
Nic DowdC101103116:370:0003:5000% 0
Rickard RakellRW0002002011:200:0000:0000% 1
Sean DurziD0111012222:234:3802:2500% 0
Sidney CrosbyC000-1012019:323:0400:00050% 24
Timo MeierRW1120055022:193:0410:0000% 1
Viktor ArvidssonRW1122007011:200:0000:000100% 1
Vincent TrocheckC1122214011:420:0000:23059% 17
Capitals
Player Name POS G A P +/- PIM HIT SHT SB MP PP MP PP SHT PK MP PK SHT FO% FOT
Alex NylanderLW1010012014:290:0000:19033% 3
Ben HuttonD0110000114:520:0001:1100% 0
Brad HuntD000-1013120:302:5712:2900% 0
Christian FischerRW0000031014:470:0000:000100% 2
Cody CeciD011-2410122:242:2001:1500% 0
David KampfC0110001314:100:0000:00046% 13
Jonas SiegenthalerD000-1001122:322:5714:3100% 0
Jordan GreenwayLW000-1001019:242:4802:0400% 1
Kaapo KakkoRW000-2212024:382:2903:5300% 0
Kevin LabancRW000-1012017:202:4800:00025% 4
Matias MaccelliLW000000002:560:0000:0000% 0
Michael RasmussenC000-1230018:442:4801:25052% 27
Morgan FrostC000000000:000:0000:0000% 0
Noah DobsonD101-2022125:492:2024:3800% 0
Pavel ZachaC011-2022023:182:2904:51054% 35
Quinton ByfieldC000001104:380:0001:42067% 3
Samuel BolducD0000031513:510:0000:1000% 0
Tyler JohnsonC000-2011018:272:2910:000100% 2



Play-by-Play

1st period


0:01 of 1st period - Tyler Johnson wins face-off versus Sidney Crosby in neutral zone.
0:04 of 1st period - Shot by Kaapo Kakko.
0:04 of 1st period - Stopped by Connor Hellebuyck without a rebound.
0:05 of 1st period - Elias Lindholm wins face-off versus Michael Rasmussen in Stars zone.
0:30 of 1st period - Shot by Nazem Kadri.
0:30 of 1st period - Stopped by Joonas Korpisalo without a rebound.
0:31 of 1st period - Vincent Trocheck wins face-off versus Pavel Zacha in Capitals zone.
0:34 of 1st period - Shot by Viktor Arvidsson.
0:34 of 1st period - Goal by Viktor Arvidsson - Stars : 1 - Capitals : 0.
0:35 of 1st period - David Kampf wins face-off versus Sidney Crosby in neutral zone.
0:35 of 1st period - David Kampf is hit by Timo Meier.
0:41 of 1st period - Shot by Alex Nylander.
0:41 of 1st period - Goal by Alex Nylander - Stars : 1 - Capitals : 1.
0:42 of 1st period - Vincent Trocheck wins face-off versus Pavel Zacha in neutral zone.
1:11 of 1st period - Shot by Viktor Arvidsson.
1:11 of 1st period - Stopped by Joonas Korpisalo without a rebound.
1:12 of 1st period - Sidney Crosby wins face-off versus David Kampf in Capitals zone.
1:15 of 1st period - Shot by Jesper Bratt.
1:15 of 1st period - Deflect By Sidney Crosby.
1:15 of 1st period - Shot Misses the Net.
1:21 of 1st period - Sidney Crosby is hit by Christian Fischer and loses puck.
1:56 of 1st period - Shot by Sidney Crosby.
1:56 of 1st period - Shot Misses the Net.
3:09 of 1st period - Shot by Viktor Arvidsson.
3:09 of 1st period - Stopped by Joonas Korpisalo with a rebound.
3:11 of 1st period - Shot by Sean Durzi.
3:11 of 1st period - Stopped by Joonas Korpisalo without a rebound.
3:12 of 1st period - Michael Rasmussen wins face-off versus Anton Lundell in Capitals zone.
3:23 of 1st period - Shot by Sean Durzi.
3:23 of 1st period - Stopped by Joonas Korpisalo without a rebound.
3:24 of 1st period - Vincent Trocheck wins face-off versus Pavel Zacha in Capitals zone.
3:24 of 1st period - Viktor Arvidsson is hit by Noah Dobson and loses puck.
3:37 of 1st period - Shot by Kaapo Kakko.
3:37 of 1st period - Stopped by Connor Hellebuyck without a rebound.
3:38 of 1st period - Sidney Crosby wins face-off versus Michael Rasmussen in Stars zone.
4:39 of 1st period - Shot by Kaapo Kakko.
4:39 of 1st period - Shot Blocked by Jonas Brodin.
5:39 of 1st period - Shot by Quinton Byfield.
5:39 of 1st period - Stopped by Connor Hellebuyck with a rebound.
6:07 of 1st period - Shot by Kevin Labanc.
6:07 of 1st period - Shot Blocked by Jonas Brodin.
6:25 of 1st period - Shot by Michael Rasmussen.
6:25 of 1st period - Shot Misses the Net.
6:27 of 1st period - Shot by Brad Hunt.
6:27 of 1st period - Stopped by Connor Hellebuyck without a rebound.
6:28 of 1st period - Pavel Zacha wins face-off versus Elias Lindholm in Stars zone.
6:28 of 1st period - Pavel Zacha is hit by Sean Durzi.
6:54 of 1st period - Shot by Pavel Zacha.
6:54 of 1st period - Shot Misses the Net.
7:35 of 1st period - Viktor Arvidsson is hit by Christian Fischer and loses puck.
8:06 of 1st period - Icing by Kevin Labanc.
8:07 of 1st period - Michael Rasmussen wins face-off versus Elias Lindholm in Capitals zone.
9:25 of 1st period - Shot by Pavel Zacha.
9:25 of 1st period - Stopped by Connor Hellebuyck without a rebound.
9:26 of 1st period - David Kampf wins face-off versus Vincent Trocheck in Stars zone.
9:26 of 1st period - Christian Fischer is hit by Daniil Miromanov.
9:28 of 1st period - Shot by David Kampf.
9:28 of 1st period - Shot Misses the Net.
9:34 of 1st period - Christian Fischer is hit by Vincent Trocheck and loses puck.
10:12 of 1st period - Icing by Vincent Trocheck.
10:13 of 1st period - Vincent Trocheck wins face-off versus Pavel Zacha in Stars zone.
11:04 of 1st period - Shot by Nic Dowd.
11:04 of 1st period - Goal by Nic Dowd - Stars : 2 - Capitals : 1.
11:05 of 1st period - Michael Rasmussen wins face-off versus Elias Lindholm in neutral zone.
12:15 of 1st period - Shot by Christian Fischer.
12:15 of 1st period - Stopped by Connor Hellebuyck without a rebound.
12:16 of 1st period - Sidney Crosby wins face-off versus Pavel Zacha in Stars zone.
12:23 of 1st period - Shot by Jesper Bratt.
12:23 of 1st period - Stopped by Joonas Korpisalo without a rebound.
12:24 of 1st period - Tyler Johnson wins face-off versus Sidney Crosby in Capitals zone.
12:26 of 1st period - Icing by Kaapo Kakko.
12:27 of 1st period - Sidney Crosby wins face-off versus Pavel Zacha in Capitals zone.
12:30 of 1st period - Shot by Timo Meier.
12:30 of 1st period - Shot Blocked by Cody Ceci.
12:34 of 1st period - Shot by Sidney Crosby.
12:34 of 1st period - Stopped by Joonas Korpisalo without a rebound.
12:35 of 1st period - Quinton Byfield wins face-off versus Elias Lindholm in Capitals zone.
12:35 of 1st period - Noah Dobson is hit by Elias Lindholm.
12:39 of 1st period - Shot by Kaapo Kakko.
12:39 of 1st period - Shot Misses the Net.
12:45 of 1st period - Shot by Nazem Kadri.
12:45 of 1st period - Shot Misses the Net.
13:14 of 1st period - Minor Penalty to Evan Bouchard for Diving.
13:15 of 1st period - Elias Lindholm wins face-off versus Michael Rasmussen in Stars zone.
13:21 of 1st period - Icing by Michael Rasmussen.
13:22 of 1st period - Michael Rasmussen wins face-off versus Elias Lindholm in Capitals zone.
13:27 of 1st period - Shot by Jonas Siegenthaler.
13:27 of 1st period - Stopped by Connor Hellebuyck without a rebound.
13:28 of 1st period - Pavel Zacha wins face-off versus Elias Lindholm in Stars zone.
14:44 of 1st period - Jordan Greenway is hit by Nic Dowd and loses puck.
14:58 of 1st period - Icing by Kevin Labanc.
14:59 of 1st period - Michael Rasmussen wins face-off versus Elias Lindholm in Capitals zone.
15:13 of 1st period - Shot by Brad Hunt.
15:13 of 1st period - Shot Misses the Net.
15:20 of 1st period - Vincent Trocheck is hit by Samuel Bolduc and loses puck.
15:29 of 1st period - Shot by Viktor Arvidsson.
15:29 of 1st period - Stopped by Joonas Korpisalo without a rebound.
15:30 of 1st period - Quinton Byfield wins face-off versus Sidney Crosby in Capitals zone.
15:45 of 1st period - Quinton Byfield is hit by Timo Meier and loses puck.
15:52 of 1st period - Shot by Timo Meier.
15:52 of 1st period - Stopped by Joonas Korpisalo without a rebound.
15:53 of 1st period - Vincent Trocheck wins face-off versus Michael Rasmussen in Capitals zone.
15:53 of 1st period - Viktor Arvidsson is hit by Brad Hunt and loses puck.
16:00 of 1st period - Shot by Vincent Trocheck.
16:00 of 1st period - Stopped by Joonas Korpisalo without a rebound.
16:01 of 1st period - Sidney Crosby wins face-off versus Jordan Greenway in Capitals zone.
16:06 of 1st period - Shot by Sidney Crosby.
16:06 of 1st period - Shot Misses the Net.
16:15 of 1st period - Icing by Jonas Siegenthaler.
16:16 of 1st period - Michael Rasmussen wins face-off versus Elias Lindholm in Capitals zone.
16:49 of 1st period - Shot by Jordan Greenway.
16:49 of 1st period - Stopped by Connor Hellebuyck with a rebound.
17:38 of 1st period - Shot by Tyler Johnson.
17:38 of 1st period - Shot Misses the Net.
17:40 of 1st period - Shot by Pavel Zacha.
17:40 of 1st period - Stopped by Connor Hellebuyck without a rebound.
17:41 of 1st period - David Kampf wins face-off versus Vincent Trocheck in Stars zone.
18:08 of 1st period - Shot by David Kampf.
18:08 of 1st period - Stopped by Connor Hellebuyck without a rebound.
18:09 of 1st period - Sidney Crosby wins face-off versus Michael Rasmussen in Stars zone.
18:24 of 1st period - Shot by Sidney Crosby.
18:24 of 1st period - Stopped by Joonas Korpisalo without a rebound.
18:25 of 1st period - Elias Lindholm wins face-off versus Pavel Zacha in Capitals zone.
18:28 of 1st period - Shot by Nazem Kadri.
18:28 of 1st period - Stopped by Joonas Korpisalo without a rebound.
18:29 of 1st period - Pavel Zacha wins face-off versus Sidney Crosby in Capitals zone.
19:39 of 1st period - Shot by Dylan Larkin.
19:39 of 1st period - Stopped by Joonas Korpisalo without a rebound.
19:40 of 1st period - David Kampf wins face-off versus Vincent Trocheck in Capitals zone.
19:46 of 1st period - Off-side.
19:47 of 1st period - Michael Rasmussen wins face-off versus Elias Lindholm in neutral zone.
Goals for this period are 2 for Stars vs 1 for Capitals.
Shots for this period are 15 for Stars vs 11 for Capitals.

2nd period


0:01 of 2nd period - Pavel Zacha wins face-off versus Anton Lundell in neutral zone.
0:04 of 2nd period - Jonas Brodin is hit by Pavel Zacha and loses puck.
0:13 of 2nd period - Noah Dobson is hit by Nic Dowd and loses puck.
0:40 of 2nd period - Shot by Timo Meier.
0:40 of 2nd period - Shot Misses the Net.
1:06 of 2nd period - Shot by Nazem Kadri.
1:06 of 2nd period - Deflect By Dylan Larkin.
1:06 of 2nd period - Shot Misses the Net.
1:41 of 2nd period - Icing by Brad Hunt.
1:42 of 2nd period - Michael Rasmussen wins face-off versus Vincent Trocheck in Capitals zone.
1:58 of 2nd period - Kevin Labanc is hit by Daniil Miromanov and loses puck.
2:05 of 2nd period - Shot by Vincent Trocheck.
2:05 of 2nd period - Shot Blocked by Brad Hunt.
2:15 of 2nd period - Shot by Rickard Rakell.
2:15 of 2nd period - Stopped by Joonas Korpisalo without a rebound.
2:16 of 2nd period - Alex Nylander wins face-off versus Sidney Crosby in Capitals zone.
2:33 of 2nd period - Shot by Jonas Brodin.
2:33 of 2nd period - Shot Misses the Net.
2:47 of 2nd period - Shot by Jesper Bratt.
2:47 of 2nd period - Shot Misses the Net.
2:49 of 2nd period - Shot by Timo Meier.
2:49 of 2nd period - Shot Misses the Net.
2:51 of 2nd period - Shot by Sidney Crosby.
2:51 of 2nd period - Shot Blocked by Samuel Bolduc.
3:17 of 2nd period - Shot by Nazem Kadri.
3:17 of 2nd period - Shot Misses the Net.
3:41 of 2nd period - Shot by Dylan Larkin.
3:41 of 2nd period - Goal by Dylan Larkin - Stars : 3 - Capitals : 1.
3:42 of 2nd period - Pavel Zacha wins face-off versus Vincent Trocheck in neutral zone.
3:44 of 2nd period - Off-side.
3:45 of 2nd period - Pavel Zacha wins face-off versus Vincent Trocheck in neutral zone.
3:56 of 2nd period - Icing by Kaapo Kakko.
3:57 of 2nd period - Pavel Zacha wins face-off versus Jesper Bratt in Capitals zone.
4:02 of 2nd period - Jonas Brodin is hit by Pavel Zacha and loses puck.
4:19 of 2nd period - Icing by Jonas Brodin.
4:20 of 2nd period - Sidney Crosby wins face-off versus Kevin Labanc in Stars zone.
4:30 of 2nd period - Icing by Jonas Siegenthaler.
4:31 of 2nd period - Elias Lindholm wins face-off versus Michael Rasmussen in Capitals zone.
4:58 of 2nd period - Shot by Michael Rasmussen.
4:58 of 2nd period - Shot Blocked by Dylan Larkin.
5:00 of 2nd period - Shot by Kevin Labanc.
5:00 of 2nd period - Stopped by Connor Hellebuyck with a rebound.
5:06 of 2nd period - Shot by Kevin Labanc.
5:06 of 2nd period - Shot Misses the Net.
5:35 of 2nd period - Cody Ceci is hit by Timo Meier and loses puck.
5:48 of 2nd period - Shot by Timo Meier.
5:48 of 2nd period - Stopped by Joonas Korpisalo without a rebound.
5:49 of 2nd period - David Kampf wins face-off versus Rickard Rakell in Capitals zone.
5:54 of 2nd period - Shot by Samuel Bolduc.
5:54 of 2nd period - Deflect By Alex Nylander.
5:54 of 2nd period - Stopped by Connor Hellebuyck without a rebound.
5:55 of 2nd period - Sidney Crosby wins face-off versus Alex Nylander in Stars zone.
6:00 of 2nd period - Shot by Timo Meier.
6:00 of 2nd period - Stopped by Joonas Korpisalo without a rebound.
6:01 of 2nd period - Pavel Zacha wins face-off versus Sidney Crosby in Capitals zone.
6:01 of 2nd period - Pavel Zacha is hit by Sidney Crosby.
6:24 of 2nd period - Shot by Timo Meier.
6:24 of 2nd period - Shot Misses the Net.
7:20 of 2nd period - Icing by Kaapo Kakko.
7:21 of 2nd period - Elias Lindholm wins face-off versus Pavel Zacha in Capitals zone.
7:31 of 2nd period - Elias Lindholm is hit by Tyler Johnson and loses puck.
7:32 of 2nd period - Elias Lindholm from Stars is injured at 7:32 of 2nd period (Right Knee).
7:33 of 2nd period - Carter Verhaeghe wins face-off versus Kevin Labanc in Stars zone.
7:46 of 2nd period - Shot by Nazem Kadri.
7:46 of 2nd period - Stopped by Joonas Korpisalo without a rebound.
7:47 of 2nd period - Anton Lundell wins face-off versus David Kampf in Capitals zone.
7:48 of 2nd period - Shot by Timo Meier.
7:48 of 2nd period - Shot Misses the Net.
7:50 of 2nd period - Shot by Jonas Brodin.
7:50 of 2nd period - Shot Misses the Net.
8:06 of 2nd period - Shot by Samuel Bolduc.
8:06 of 2nd period - Stopped by Connor Hellebuyck without a rebound.
8:07 of 2nd period - Vincent Trocheck wins face-off versus Michael Rasmussen in Stars zone.
8:41 of 2nd period - Icing by Sean Durzi.
8:42 of 2nd period - Vincent Trocheck wins face-off versus David Kampf in Stars zone.
9:01 of 2nd period - Shot by Viktor Arvidsson.
9:01 of 2nd period - Shot Blocked by Samuel Bolduc.
9:45 of 2nd period - Shot by Jesper Bratt.
9:45 of 2nd period - Shot Misses the Net.
9:47 of 2nd period - Shot by Jesper Bratt.
9:47 of 2nd period - Shot Blocked by David Kampf.
9:49 of 2nd period - Shot by Jonas Brodin.
9:49 of 2nd period - Shot Blocked by Samuel Bolduc.
9:51 of 2nd period - Shot by Jonas Brodin.
9:51 of 2nd period - Shot Blocked by David Kampf.
10:23 of 2nd period - Shot by Carter Verhaeghe.
10:23 of 2nd period - Stopped by Joonas Korpisalo without a rebound.
10:24 of 2nd period - Michael Rasmussen wins face-off versus Vincent Trocheck in Capitals zone.
10:31 of 2nd period - Sean Durzi is hit by Kevin Labanc and loses puck.
11:58 of 2nd period - Minor Penalty to Kaapo Kakko for Hooking.
11:59 of 2nd period - Nazem Kadri wins face-off versus Pavel Zacha in Capitals zone.
12:29 of 2nd period - Icing by Evan Bouchard.
12:30 of 2nd period - Nazem Kadri wins face-off versus Pavel Zacha in Stars zone.
12:47 of 2nd period - Shot by Marcus Pettersson.
12:47 of 2nd period - Shot Blocked by Jonas Siegenthaler.
13:06 of 2nd period - Shot by Marcus Pettersson.
13:06 of 2nd period - Shot Misses the Net.
13:08 of 2nd period - Shot by Timo Meier.
13:08 of 2nd period - Goal by Timo Meier - Stars : 4 - Capitals : 1.
13:09 of 2nd period - Vincent Trocheck wins face-off versus Michael Rasmussen in neutral zone.
13:14 of 2nd period - Shot by Viktor Arvidsson.
13:14 of 2nd period - Stopped by Joonas Korpisalo without a rebound.
13:15 of 2nd period - Carter Verhaeghe wins face-off versus Kevin Labanc in Capitals zone.
13:28 of 2nd period - Michael Rasmussen is hit by Corey Schueneman and loses puck.
13:59 of 2nd period - Shot by Kevin Labanc.
13:59 of 2nd period - Stopped by Connor Hellebuyck with a rebound.
14:27 of 2nd period - Jonas Brodin is hit by Kaapo Kakko and loses puck.
14:37 of 2nd period - Icing by Timo Meier.
14:38 of 2nd period - Christian Fischer wins face-off versus Sidney Crosby in Stars zone.
15:20 of 2nd period - Shot by Vincent Trocheck.
15:20 of 2nd period - Stopped by Joonas Korpisalo with a rebound.
15:42 of 2nd period - Shot by Vincent Trocheck.
15:42 of 2nd period - Shot Misses the Net.
15:44 of 2nd period - Shot by Rickard Rakell.
15:44 of 2nd period - Stopped by Joonas Korpisalo without a rebound.
15:45 of 2nd period - Pavel Zacha wins face-off versus Carter Verhaeghe in Capitals zone.
15:45 of 2nd period - Tyler Johnson is hit by Nazem Kadri and loses puck.
16:29 of 2nd period - Shot by Kaapo Kakko.
16:29 of 2nd period - Shot Misses the Net.
17:37 of 2nd period - Jonas Siegenthaler is hit by Timo Meier and loses puck.
17:48 of 2nd period - Vincent Trocheck is hit by Quinton Byfield and loses puck.
18:19 of 2nd period - Shot by Vincent Trocheck.
18:19 of 2nd period - Shot Misses the Net.
18:23 of 2nd period - Shot by Vincent Trocheck.
18:23 of 2nd period - Stopped by Joonas Korpisalo without a rebound.
18:24 of 2nd period - Carter Verhaeghe wins face-off versus Alex Nylander in Capitals zone.
18:25 of 2nd period - Shot by Nazem Kadri.
18:25 of 2nd period - Deflect By Dylan Larkin.
18:25 of 2nd period - Shot Misses the Net.
18:27 of 2nd period - Shot by Daniil Miromanov.
18:27 of 2nd period - Shot Blocked by Samuel Bolduc.
18:40 of 2nd period - Shot by Dylan Larkin.
18:40 of 2nd period - Shot Misses the Net.
18:44 of 2nd period - Shot by Nazem Kadri.
18:44 of 2nd period - Shot Misses the Net.
18:46 of 2nd period - Shot by Nazem Kadri.
18:46 of 2nd period - Shot Misses the Net.
18:48 of 2nd period - Shot by Nazem Kadri.
18:48 of 2nd period - Stopped by Joonas Korpisalo without a rebound.
18:49 of 2nd period - Michael Rasmussen wins face-off versus Anton Lundell in Capitals zone.
19:04 of 2nd period - Shot by Kevin Labanc.
19:04 of 2nd period - Shot Misses the Net.
19:11 of 2nd period - Minor Penalty to Cody Ceci for Cross-checking.
19:12 of 2nd period - Pavel Zacha wins face-off versus Nazem Kadri in Capitals zone.
19:20 of 2nd period - Icing by Jesper Bratt.
19:21 of 2nd period - Pavel Zacha wins face-off versus Nazem Kadri in Stars zone.
Goals for this period are 2 for Stars vs 0 for Capitals.
Shots for this period are 12 for Stars vs 4 for Capitals.

3rd period


0:01 of 3rd period - Sidney Crosby wins face-off versus Pavel Zacha in neutral zone.
0:20 of 3rd period - Shot by Carter Verhaeghe.
0:20 of 3rd period - Shot Blocked by Noah Dobson.
0:22 of 3rd period - Shot by Evan Bouchard.
0:22 of 3rd period - Stopped by Joonas Korpisalo without a rebound.
0:23 of 3rd period - Nazem Kadri wins face-off versus Pavel Zacha in Capitals zone.
0:26 of 3rd period - Shot by Nazem Kadri.
0:26 of 3rd period - Shot Misses the Net.
0:40 of 3rd period - Shot by Jonas Brodin.
0:40 of 3rd period - Stopped by Joonas Korpisalo without a rebound.
0:41 of 3rd period - Pavel Zacha wins face-off versus Sidney Crosby in Capitals zone.
1:18 of 3rd period - Icing by Ben Hutton.
1:19 of 3rd period - Carter Verhaeghe wins face-off versus David Kampf in Capitals zone.
1:52 of 3rd period - David Kampf is hit by Daniil Miromanov and loses puck.
2:51 of 3rd period - Shot by Sidney Crosby.
2:51 of 3rd period - Shot Misses the Net.
3:15 of 3rd period - Minor Penalty to Cody Ceci for Tripping.
3:16 of 3rd period - Dylan Larkin wins face-off versus Michael Rasmussen in Capitals zone.
3:16 of 3rd period - Dylan Larkin is hit by Noah Dobson.
3:40 of 3rd period - Shot by Sean Durzi.
3:40 of 3rd period - Shot Misses the Net.
3:42 of 3rd period - Shot by Corey Schueneman.
3:42 of 3rd period - Stopped by Joonas Korpisalo without a rebound.
3:43 of 3rd period - Sidney Crosby wins face-off versus Pavel Zacha in Capitals zone.
3:48 of 3rd period - Shot by Timo Meier.
3:48 of 3rd period - Shot Blocked by Ben Hutton.
4:18 of 3rd period - Off-side.
4:19 of 3rd period - Nazem Kadri wins face-off versus Michael Rasmussen in neutral zone.
4:33 of 3rd period - Shot by Nazem Kadri.
4:33 of 3rd period - Stopped by Joonas Korpisalo without a rebound.
4:34 of 3rd period - Pavel Zacha wins face-off versus Nazem Kadri in Capitals zone.
5:43 of 3rd period - Minor Penalty to Vincent Trocheck for Tripping.
5:44 of 3rd period - Michael Rasmussen wins face-off versus Anton Lundell in Stars zone.
7:08 of 3rd period - Shot by Tyler Johnson.
7:08 of 3rd period - Shot Misses the Net.
7:10 of 3rd period - Shot by Tyler Johnson.
7:10 of 3rd period - Stopped by Connor Hellebuyck without a rebound.
7:11 of 3rd period - Pavel Zacha wins face-off versus Jesper Bratt in Stars zone.
7:22 of 3rd period - Shot by Tyler Johnson.
7:22 of 3rd period - Shot Blocked by Jonas Brodin.
7:43 of 3rd period - Icing by Brad Hunt.
7:44 of 3rd period - David Kampf wins face-off versus Carter Verhaeghe in Capitals zone.
8:15 of 3rd period - Shot by Dylan Larkin.
8:15 of 3rd period - Stopped by Joonas Korpisalo without a rebound.
8:16 of 3rd period - Kevin Labanc wins face-off versus Timo Meier in Capitals zone.
8:16 of 3rd period - Kevin Labanc is hit by Timo Meier.
8:24 of 3rd period - Shot by Kevin Labanc.
8:24 of 3rd period - Shot Misses the Net.
8:26 of 3rd period - Shot by Kevin Labanc.
8:26 of 3rd period - Shot Misses the Net.
8:31 of 3rd period - Minor Penalty to Jonas Brodin for Tripping.
8:32 of 3rd period - Anton Lundell wins face-off versus Pavel Zacha in Stars zone.
8:43 of 3rd period - Shot by Noah Dobson.
8:43 of 3rd period - Stopped by Connor Hellebuyck without a rebound.
8:44 of 3rd period - Anton Lundell wins face-off versus Michael Rasmussen in Stars zone.
8:44 of 3rd period - Anton Lundell is hit by Michael Rasmussen.
8:55 of 3rd period - Icing by Kevin Labanc.
8:56 of 3rd period - Michael Rasmussen wins face-off versus Anton Lundell in Capitals zone.
8:56 of 3rd period - Michael Rasmussen is hit by Nic Dowd.
9:04 of 3rd period - Shot by Jonas Siegenthaler.
9:04 of 3rd period - Shot Blocked by Nic Dowd.
9:28 of 3rd period - Shot by Brad Hunt.
9:28 of 3rd period - Shot Blocked by Anton Lundell.
9:36 of 3rd period - Shot by Brad Hunt.
9:36 of 3rd period - Stopped by Connor Hellebuyck without a rebound.
9:37 of 3rd period - Pavel Zacha wins face-off versus Anton Lundell in Stars zone.
9:50 of 3rd period - Shot by Noah Dobson.
9:50 of 3rd period - Goal by Noah Dobson - Stars : 4 - Capitals : 2.
9:51 of 3rd period - Sidney Crosby wins face-off versus David Kampf in neutral zone.
10:15 of 3rd period - Icing by Noah Dobson.
10:16 of 3rd period - Christian Fischer wins face-off versus Carter Verhaeghe in Capitals zone.
10:18 of 3rd period - Icing by Alex Nylander.
10:19 of 3rd period - Carter Verhaeghe wins face-off versus David Kampf in Capitals zone.
10:24 of 3rd period - Shot by Carter Verhaeghe.
10:24 of 3rd period - Deflect By Dylan Larkin.
10:24 of 3rd period - Stopped by Joonas Korpisalo with a rebound.
10:36 of 3rd period - Nazem Kadri is hit by Alex Nylander and loses puck.
10:54 of 3rd period - Christian Fischer is hit by Nazem Kadri and loses puck.
11:01 of 3rd period - Shot by Dylan Larkin.
11:01 of 3rd period - Shot Blocked by David Kampf.
11:42 of 3rd period - Shot by Pavel Zacha.
11:42 of 3rd period - Shot Blocked by Marcus Pettersson.
11:44 of 3rd period - Shot by Kaapo Kakko.
11:44 of 3rd period - Deflect By Tyler Johnson.
11:44 of 3rd period - Shot Misses the Net.
12:17 of 3rd period - Icing by Vincent Trocheck.
12:18 of 3rd period - Vincent Trocheck wins face-off versus Michael Rasmussen in Stars zone.
12:35 of 3rd period - Minor Penalty to Michael Rasmussen for Delaying the game.
12:36 of 3rd period - Nazem Kadri wins face-off versus Pavel Zacha in Capitals zone.
12:41 of 3rd period - Shot by Dylan Larkin.
12:41 of 3rd period - Stopped by Joonas Korpisalo without a rebound.
12:42 of 3rd period - Pavel Zacha wins face-off versus Sidney Crosby in Capitals zone.
13:17 of 3rd period - Icing by Sidney Crosby.
13:18 of 3rd period - Pavel Zacha wins face-off versus Sidney Crosby in Stars zone.
13:33 of 3rd period - Shot by Carter Verhaeghe.
13:33 of 3rd period - Shot Misses the Net.
13:35 of 3rd period - Shot by Jonas Brodin.
13:35 of 3rd period - Stopped by Joonas Korpisalo without a rebound.
13:36 of 3rd period - Pavel Zacha wins face-off versus Nazem Kadri in Capitals zone.
13:36 of 3rd period - Pavel Zacha is hit by Dylan Larkin.
13:56 of 3rd period - Shot by Sean Durzi.
13:56 of 3rd period - Shot Misses the Net.
14:20 of 3rd period - Shot by Nazem Kadri.
14:20 of 3rd period - Stopped by Joonas Korpisalo without a rebound.
14:21 of 3rd period - Sidney Crosby wins face-off versus Quinton Byfield in Capitals zone.
14:43 of 3rd period - Viktor Arvidsson is hit by Samuel Bolduc and loses puck.
14:50 of 3rd period - Shot by Viktor Arvidsson.
14:50 of 3rd period - Shot Blocked by Samuel Bolduc.
14:56 of 3rd period - Shot by Vincent Trocheck.
14:56 of 3rd period - Goal by Vincent Trocheck - Stars : 5 - Capitals : 2.
14:57 of 3rd period - Michael Rasmussen wins face-off versus Anton Lundell in neutral zone.
15:19 of 3rd period - Off-side.
15:20 of 3rd period - Carter Verhaeghe wins face-off versus Pavel Zacha in neutral zone.
16:22 of 3rd period - Shot by Jesper Bratt.
16:22 of 3rd period - Stopped by Joonas Korpisalo without a rebound.
16:23 of 3rd period - Vincent Trocheck wins face-off versus Michael Rasmussen in Capitals zone.
16:36 of 3rd period - Shot by Viktor Arvidsson.
16:36 of 3rd period - Shot Misses the Net.
16:43 of 3rd period - Icing by Corey Schueneman.
16:44 of 3rd period - Viktor Arvidsson wins face-off versus David Kampf in Stars zone.
16:44 of 3rd period - Viktor Arvidsson is hit by Christian Fischer.
16:51 of 3rd period - Rickard Rakell is hit by Samuel Bolduc and loses puck.
16:58 of 3rd period - Shot by Viktor Arvidsson.
16:58 of 3rd period - Stopped by Joonas Korpisalo with a rebound.
17:00 of 3rd period - Shot by Viktor Arvidsson.
17:00 of 3rd period - Stopped by Joonas Korpisalo without a rebound.
17:01 of 3rd period - Michael Rasmussen wins face-off versus Sidney Crosby in Capitals zone.
17:07 of 3rd period - Cody Ceci is hit by Jonas Brodin and loses puck.
17:21 of 3rd period - Sidney Crosby is hit by Cody Ceci and loses puck.
17:31 of 3rd period - Shot by Timo Meier.
17:31 of 3rd period - Stopped by Joonas Korpisalo without a rebound.
17:32 of 3rd period - Pavel Zacha wins face-off versus Carter Verhaeghe in Capitals zone.
17:41 of 3rd period - Shot by Brad Hunt.
17:41 of 3rd period - Stopped by Connor Hellebuyck with a rebound.
18:26 of 3rd period - Marcus Pettersson is hit by Michael Rasmussen and loses puck.
18:33 of 3rd period - Sean Durzi is hit by Michael Rasmussen and loses puck.
18:58 of 3rd period - Shot by Michael Rasmussen.
18:58 of 3rd period - Shot Blocked by Sean Durzi.
19:00 of 3rd period - Shot by Noah Dobson.
19:00 of 3rd period - Shot Blocked by Sean Durzi.
19:50 of 3rd period - Shot by Ben Hutton.
19:50 of 3rd period - Shot Misses the Net.
Goals for this period are 1 for Stars vs 1 for Capitals.
Shots for this period are 14 for Stars vs 5 for Capitals.